 Dungeon Crawl Stone Soup version 0.23-a0-629-gae4348f (webtiles) character file.

238 galech the Chopper (level 5, 0/42 HPs)
             Began as a Demonspawn Fighter on Dec 26, 2018.
             Splashed by a jelly's acid (7 damage)
             ... on level 5 of the Dungeon.
             The game lasted 00:03:09 (3301 turns).

galech the Chopper (Demonspawn Fighter)             Turns: 3301, Time: 00:03:10

Health: 0/42       AC: -3    Str: 16    XL:     5   Next: 78%
Magic:  5/5        EV:  2    Int:  9    God:
Gold:   186        SH:  9    Dex: 14    Spells: 4/4 levels left

rFire    . . .     SeeInvis .   a - +0 war axe
rCold    + . .     Gourm    .   c - +0 shield
rNeg     . . .     Faith    .   h - +0 plate armour
rPois    .         Spirit   .   (no helmet)
rElec    .         Reflect  .   v - +0 cloak
rCorr    .         Harm     .   (no gloves)
MR       +....                  (no boots)
Stlth    ..........             (no amulet)
HPRegen  0.14/turn              n - ring of protection from cold
MPRegen  0.09/turn              w - ring of protection from magic

@: corroded
A: claws 2
a: no special abilities


You were on level 5 of the Dungeon.
You were not hungry.

You visited 1 branch of the dungeon, and saw 5 of its levels.

You collected 186 gold pieces.

Inventory:

Hand Weapons
 a - a +0 war axe (weapon)
Armour
 b - a +0 scale mail
 c - a +0 shield (worn)
 h - a +0 plate armour (worn)
 v - a +0 cloak (worn)
Jewellery
 n - a ring of protection from cold (left claw)
 w - a ring of protection from magic (right claw)
Scrolls
 e - a scroll of enchant weapon {unknown}
 g - 5 scrolls of teleportation {unknown}
 i - 6 scrolls of identify {unknown}
 j - 3 scrolls of fog {unknown}
 k - 2 scrolls of remove curse {unknown}
 l - a scroll of blinking {unknown}
 m - a scroll of amnesia {unknown}
 r - a scroll of immolation {unknown}
 s - a scroll of magic mapping {unknown}
Potions
 d - a potion of might
 o - 3 potions of curing {unknown}
 p - a potion of magic {unknown}
 q - 2 potions of haste {unknown}
 t - 2 potions of brilliance {unknown}
 u - a potion of ambrosia {unknown}
Comestibles
 f - 12 rations


   Skills:
 + Level 3.6 Fighting
 + Level 3.9 Axes
 + Level 3.4 Armour
 + Level 0.1 Dodging
 + Level 3.7 Shields


You had 4 spell levels left.
You didn't know any spells.
Your spell library contained the following spells:

 Spells                   Type           Power        Failure   Level  Hunger
 Animate Skeleton         Necr           N/A          100%        1    ##.....
 Apportation              Tloc           #.....       100%        1    ##.....
 Confusing Touch          Hex            #.....       100%        1    ##.....
 Summon Small Mammal      Summ           #...         100%        1    ##.....


Dungeon Overview and Level Annotations

Branches:
Dungeon (5/15)
 Temple: D:4-7

Altars:
Makhleb

Shops:
D:4 [


Innate Abilities, Weirdness & Mutations

You have very sharp fingernails.


Message History

You are too injured to fight recklessly!
You are too injured to fight recklessly!
You are too injured to fight recklessly!
You are too injured to fight recklessly!
You are too injured to fight recklessly!
You are too injured to fight recklessly!
You are too injured to fight recklessly!
You are too injured to fight recklessly!
You are too injured to fight recklessly!
You are too injured to fight recklessly!
You hit the jelly. The acid corrodes you!
Your claws burn!
The jelly is moderately wounded.
You block the jelly's attack.
You hit the jelly but do no damage.
Your claws burn!
* * * LOW HITPOINT WARNING * * *
The jelly is moderately wounded.
The jelly hits you.
* * * LOW HITPOINT WARNING * * *
The acid corrodes you!
You are splashed with acid!
The acid burns!
You die...

#################
+..............<#
##.....##########
#.....# ###
#.....# ....
##...## .....
####...###......
....(....@J......
..............?..
#####...###......
##### ######


You could see a jelly.

Vanquished Creatures
  A crimson imp (D:4)
  2 hounds (D:4)
  A worker ant (D:5)
  5 adders
  2 worms (D:4)
  A dart slug (D:3)
  3 leopard geckos
  3 giant cockroaches (D:1)
  7 hobgoblins
  6 jackals (D:1)
  9 bats
  A frilled lizard (D:1)
  11 goblins
  9 kobolds
  5 rats
66 creatures vanquished.

Notes
Turn   | Place    | Note
-------+----------+-------------------------------------------
     0 | D:1      | galech the Demonspawn Fighter began the quest for the Orb.
     0 | D:1      | Reached XP level 1. HP: 18/18 MP: 1/1
   108 | D:1      | Gained mutation: You have sharp fingernails. [demonic
                  | ancestry]
   108 | D:1      | Reached XP level 2. HP: 12/24 MP: 2/2
   325 | D:1      | Reached XP level 3. HP: 27/29 MP: 3/3
  1045 | D:2      | Reached XP level 4. HP: 35/35 MP: 4/4
  1988 | D:3      | Found a burning altar of Makhleb.
  2304 | D:4      | Gained mutation: You have very sharp fingernails. [demonic
                  | ancestry]
  2304 | D:4      | Reached XP level 5. HP: 35/41 MP: 5/5
  2596 | D:4      | Found Gobluq's Antique Armour Shoppe.
  3121 | D:5      | Entered Level 5 of the Dungeon
  3301 | D:5      | Splashed by a jelly's acid

Vault maps used:
D:1:      minmay_arrival_loop, minmay_tall_x
D:3:      lemuel_statue_altar
D:4:      serial_shops, kennysheep_little_box
D:5:      minmay_temple_entry_tees, first_ration

Skill      XL: |  1  2  3  4 |
---------------+-------------+-----
Shields        | 3 |  3.7
Axes           | 2 3 |  3.9
Armour         | 3 |  3.4
Fighting       | |  3.6
Dodging        | |  0.1

Action                   |  1- 3 |  4- 6 || total
-------------------------+-------+-------++-------
Melee: War axe           |   156 |   120 ||   276
  Eat: Chunk             |     1 |     4 ||     5
       Ration            |       |     1 ||     1
Armor: Scale mail        |    39 |       ||    39
       Plate armour      |    75 |    82 ||   157
Dodge: Dodged            |    29 |    11 ||    40
Block: Shield            |    82 |    68 ||   150

Table legend:
 A = Non-vault XP
 B = Vault XP
 C = Vault XP percentage of total XP
 D = Non-vault monster count
 E = Vault monster count
 F = Vault count percentage of total count
                 A         B        C        D         E       F
            +---------+---------+-------+---------+---------+-------
      Total |     333 |       7 |   2.1 |      62 |       4 |   6.1
            +---------+---------+-------+---------+---------+-------
        D:1 |      47 |       7 |  13.0 |      29 |       4 |  12.1
        D:2 |      55 |       0 |   0.0 |      16 |       0 |   0.0
        D:3 |      56 |       0 |   0.0 |      11 |       0 |   0.0
        D:4 |     142 |       0 |   0.0 |       5 |       0 |   0.0
        D:5 |      33 |       0 |   0.0 |       1 |       0 |   0.0
            +---------+---------+-------+---------+---------+-------
